 Dungeon Crawl Stone Soup version 0.31.0-32-g396128a36d (webtiles) character file.

Game seed: 13475524788334757444

3773 ChadusMaximus the Summoner (level 10, -7/63 HPs)
             Began as a Barachi Summoner on Mar 9, 2024.
             Was a Believer of Hepliaklqana.
             Killed from afar by a raiju (17 damage)
             ... with a living lightning
             ... on level 9 of the Dungeon.
             The game lasted 00:10:11 (8680 turns).

ChadusMaximus the Summoner (Barachi Summoner)       Turns: 8680, Time: 00:10:12

Health: -7/63      AC:  9    Str:  9    XL:     10   Next: 16%
Magic:  15/22      EV: 12    Int: 21    God:    Hepliaklqana [**....]
Gold:   427        SH:  5    Dex: 12    Spells: 12/26 levels left

rFire   + . .        l - +2 short sword (venom)
rCold   . . .        (no shield)
rNeg    . . .        C - +2 leather armour {rF+}
rPois   .            q - +0 helmet
rElec   .            (no cloak)
rCorr   .            L - +2 pair of gloves
SInv    .            (no boots)
Will    .....        J - amulet of reflection
Stlth   ++           G - ring of wizardry
HPRegen 0.30/turn    v - +4 ring of slaying
MPRegen 0.18/turn

%: reflection, wizardry (x1)
@: unable to hop, inugami summoned, slow
A: reduced essence, amphibious, slowness 1, strong legs 1, +LOS
a: Hop, Renounce Religion, Recall Ancestor, Ancestor Identity


You were on level 9 of the Dungeon.
You worshipped Hepliaklqana.
Hepliaklqana was pleased with you.
You visited 2 branches of the dungeon, and saw 10 of its levels.

You collected 427 gold pieces.

Inventory:

Hand Weapons
 h - a +0 hand axe
 l - a +2 short sword of venom (weapon)
 O - a +3 scimitar
Missiles
 P - a throwing net
Armour
 a - a +0 robe
 n - a +0 pair of gloves
 q - a +0 helmet (worn)
 x - the +1 ring mail of the Constellations {Harm rPois rF+++ Dex-4}
   (You found it on level 3 of the Dungeon)

   Dex-4:     It affects your dexterity (-4).
   rF+++:     It renders you almost immune to fire.
   rPois:     It protects you from poison Harm: It increases damage dealt and
   taken.
 C - a +2 leather armour of fire resistance (worn)
 L - a +2 pair of gloves (worn)
Jewellery
 g - a ring of protection from fire
 v - a +4 ring of slaying (right hand)
 E - an amulet of faith
 G - a ring of wizardry (left hand)
 J - an amulet of reflection (around neck)
 M - an amulet of magic regeneration
Wands
 b - a wand of mindburst (18)
 r - a wand of polymorph (16)
 s - a wand of flame (22)
 F - a wand of charming (7)
 H - a wand of light (8)
Scrolls
 c - 4 scrolls of teleportation {unknown}
 f - 7 scrolls of identify {unknown}
 i - a scroll of brand weapon {unknown}
 k - a scroll of blinking {unknown}
 p - a scroll of vulnerability {unknown}
 t - a scroll of silence {unknown}
 u - a scroll of amnesia {unknown}
 w - 3 scrolls of noise {unknown}
 y - a scroll of butterflies {unknown}
 A - 2 scrolls of immolation {unknown}
 B - 3 scrolls of enchant weapon {unknown}
 N - a scroll of fear {unknown}
Potions
 d - a potion of ambrosia {unknown}
 e - 3 potions of lignification {unknown}
 j - 4 potions of curing
 m - a potion of brilliance {unknown}
 o - 2 potions of resistance {unknown}
 z - 2 potions of enlightenment {unknown}
 D - 2 potions of mutation {unknown}
 I - a potion of heal wounds {unknown}
 K - a potion of attraction {unknown}


   Skills:
 * Level 3.5 Fighting
 + Level 3.2 Dodging
 - Level 1.7 Stealth
 + Level 8.5 Spellcasting
 - Level 13.8 Summonings


You had 12 spell levels left.
You knew the following spells:

 Your Spells              Type           Power      Damage    Failure   Level
a - Summon Small Mammal   Summ           100%       N/A       1%          1
b - Call Canine Familiar  Summ           61%        N/A       1%          3
c - Call Imp              Summ           100%       N/A       1%          2
d - Summon Lightning Spi  Summ/Air       38%        N/A       2%          4
e - Summon Blazeheart Go  Fire/Summ      38%        N/A       2%          4

Your spell library contained the following spells:

 Spells                   Type           Power      Damage    Failure   Level
 Apportation              Tloc           16%        N/A       4%          1
 Necrotise                Necr           32%        1d5       4%          1
 Sting                    Conj/Alch      32%        1d5       4%          1
 Jinxbite                 Hex            16%        N/A       6%          2
 Volatile Blastmotes      Fire/Tloc      16%        2d11      13%         3
 Fulminant Prism          Conj/Alch      4%         3d5       38%         4
 Iskenderun's Mystic Bla  Conj/Tloc      8%         2d4       38%         4
 Yara's Violent Unravell  Hex/Alch       4%         3d4       71%         5
 Enfeeble                 Hex            4%         N/A       100%        7


Dungeon Overview and Level Annotations

Branches:
Dungeon (9/15)             Temple (1/1) D:4
   Lair: D:8-11         Orc: D:9-12

Altars:
Ashenzari
Cheibriados
Dithmenos
Elyvilon
Fedhas
Gozag
Hepliaklqana
Kikubaaqudgha
Makhleb
Nemelex Xobeh
Okawaru
Qazlal
Ru
Sif Muna
Trog
Uskayaw
Vehumet
Wu Jian
Xom
Yredelemnul
Zin
The Shining One


Innate Abilities, Weirdness & Mutations

Your life essence is reduced to manifest your ancestor. (-10% HP)
You are amphibious.
You cover ground slowly.
You can hop short distances.
You have an extended range of vision and can be seen from far away.


Message History

Press: ? - help, Dir - move target, f - electric eel
Aim: an electric eel (water, ally target) Attack!
The electric eel shoots out a bolt of lightning at you!
The bolt of electricity hits you.
The electric eel shoots out a bolt of lightning at you!
The bolt of electricity hits you!
The electric eel shoots out a bolt of lightning at you!
The bolt of electricity hits Octavius.
The bolt of electricity hits you!
A raiju comes into view.
Octavius misses the electric eel.
Unknown command.
The electric eel shoots out a bolt of lightning at you!
The bolt of electricity hits Octavius!
The bolt of electricity hits you!
An electric eel comes into view.
Octavius hits the electric eel with a +0 flail!
Your inugami barely misses the electric eel.
The raiju bursts into living lightning!
The living lightning hits you!
* * * LOW HITPOINT WARNING * * *
The raiju blinks!
Okay, then.
Hop to where?
Press: ? - help, Dir - move target, p - electric eel Boing!
A bolt of electricity appears from out of your range of vision.
Casting: Call Canine Familiar (safe; 1% risk of failure)
Confirm with . or Enter, or press ? or * to list all spells.
A tiny devil pulls itself out of the air.
Your cerulean imp says, "I truckle to your servitude, my illustrious and rosy-lipped voivode!"
A bolt of electricity appears from out of your range of vision.
The raiju bites you.
* * * LOW HITPOINT WARNING * * *
The raiju shocks you!
* * * LOW HITPOINT WARNING * * *
Unknown command.
It was a potion of curing.
You feel better.
The raiju bursts into living lightning!
The living lightning hits you!
You die...

###### ####....#
###≈≈#h@5.######
~≈≈####~~~8.....'....#####
..S≈~≈R~..○†....####.....####
[}.§~~h.........# #####....##
..........~#....# ####...
~~.R....~~~#....# ####
#≈Sh..~~~###'#### #
###~~~~### #.# ##### #.#


You could see the friendly Octavius the knight, a raiju (ally target), a
friendly lightning spire (summoned), a friendly cerulean imp (summoned) and a
friendly inugami (summoned).

Vanquished Creatures
  Sigmund (D:2)
  An orc warrior (D:8)
  2 ice beasts
  An ogre (D:4)
  2 scorpions
  A wight (D:7)
  A howler monkey (D:6)
  4 bombardier beetles
  4 hounds
  2 jellies
  An orc priest (D:4)
  Ijyb (D:5)
  An iguana (D:5)
  Robin (D:2)
  2 gnolls (D:7)
  5 adders
  A shadow imp (D:8)
  A white imp (D:6)
  2 ribbon worms
  7 orcs
  8 ball pythons
  3 endoplasms
  5 giant cockroaches
  13 goblins
  4 hobgoblins
  3 jackals
  2 quokkas
  6 bats
  3 frilled lizards
  8 kobolds
  3 rats
99 creatures vanquished.

Vanquished Creatures (collateral kills)
  A troll (D:9)
  Prince Ribbit (D:5)
  A raiju (D:9)
  A wyvern (D:9)
  Menkaure (D:5)
  A black bear (D:7)
  2 sky beasts
  An ice beast (D:7)
  An ogre (D:5)
  2 centaurs
  A bullfrog (D:9)
  A gnoll sergeant (D:8)
  3 wights (D:7)
  6 killer bees (D:7)
  An electric eel (D:9)
  A gnoll bouda (D:7)
  2 iguanas
  A sleepcap (D:8)
  Terence (D:2)
  5 orc wizards
  9 gnolls
  3 adders
  A shadow imp (D:5)
  2 white imps
  11 orcs
  5 ball pythons
  2 endoplasms (D:1)
  A giant cockroach (D:1)
  2 goblins (D:2)
  7 hobgoblins
  4 jackals
  2 quokkas (D:1)
  3 frilled lizards (D:1)
  3 kobolds
  A rat (D:1)
90 creatures vanquished.

Vanquished Creatures (others)
  5 ancestors
5 creatures vanquished.

Grand Total: 194 creatures vanquished

Notes
Turn   | Place    | Note
-------+----------+-------------------------------------------
     0 | D:1      | ChadusMaximus the Barachi Summoner began the quest for the
                  | Orb.
     0 | D:1      | Reached XP level 1. HP: 13/13 MP: 3/3
    73 | D:1      | Reached skill level 5 in Summonings
   185 | D:1      | Reached XP level 2. HP: 19/19 MP: 3/5
   705 | D:1      | Reached XP level 3. HP: 7/24 MP: 5/7
   713 | D:1      | HP: 1/24 [quokka (4)]
   814 | D:1      | Learned a level 3 spell: Call Canine Familiar
   817 | D:1      | Learned a level 2 spell: Call Imp
  1135 | D:2      | Reached skill level 6 in Summonings
  1151 | D:2      | Reached XP level 4. HP: 21/30 MP: 1/8
  1232 | D:2      | Found a broken altar of Ashenzari.
  1388 | D:2      | Noticed Robin
  1393 | D:2      | Killed Robin
  1523 | D:2      | Noticed Terence
  1560 | D:2      | Killed Terence
  1561 | D:2      | Reached XP level 5. HP: 31/35 MP: 1/10
  1909 | D:2      | Noticed Sigmund
  1918 | D:2      | Killed Sigmund
  1919 | D:2      | Reached skill level 7 in Summonings
  1919 | D:2      | Reached XP level 6. HP: 33/41 MP: 3/12
  2577 | D:3      | Identified the +1 ring mail of the Constellations {Harm
                  | rPois rF+++ Dex-4}
  2675 | D:3      | Reached skill level 8 in Summonings
  2988 | D:3      | Learned a level 4 spell: Summon Lightning Spire
  3241 | D:4      | Reached XP level 7. HP: 38/46 MP: 8/13
  3272 | D:4      | Found a staircase to the Ecumenical Temple.
  3311 | Temple   | Entered the Ecumenical Temple
  3332 | Temple   | Became a worshipper of Hepliaklqana the Forgotten
  3670 | D:4      | Reached skill level 9 in Summonings
  3675 | D:4      | Reached skill level 5 in Spellcasting
  4116 | D:5      | Entered Level 5 of the Dungeon
  4190 | D:5      | Found a white marble altar of Elyvilon.
  4208 | D:5      | Reached XP level 8. HP: 49/52 MP: 16/16
  4274 | D:5      | Reached * piety under Hepliaklqana
  4354 | D:5      | Noticed Prince Ribbit
  4365 | D:5      | Reached skill level 10 in Summonings
  4393 | D:5      | Killed Prince Ribbit
  4731 | D:5      | Noticed Ijyb
  4747 | D:5      | Killed Ijyb
  4818 | D:5      | Noticed Menkaure
  4822 | D:5      | Reached skill level 11 in Summonings
  4828 | D:5      | Killed Menkaure
  4938 | D:5      | Found a glowing silver altar of Zin.
  4939 | D:5      | Identified the +1 cloak "Juppibu" {-Cast Str+8}
  5153 | D:5      | Learned a level 4 spell: Summon Blazeheart Golem
  5773 | D:6      | Reached XP level 9. HP: 44/51 MP: 15/19
  5879 | D:6      | Reached skill level 12 in Summonings
  6073 | D:7      | Found a bloodstained altar of Trog.
  6073 | D:7      | Found a burning altar of Makhleb.
  6843 | D:7      | Reached skill level 13 in Summonings
  7185 | D:7      | Found a basalt altar of Yredelemnul.
  7197 | D:7      | Reached ** piety under Hepliaklqana
  7198 | D:7      | Remembered your ancestor Octavius as a knight
  7846 | D:8      | Found a shimmering blue altar of Sif Muna.
  8043 | D:8      | Found a faded altar of an unknown god.
  8043 | D:8      | Found a blossoming altar of Fedhas.
  8051 | D:8      | Found a sparkling altar of Nemelex Xobeh.
  8053 | D:8      | Found a broken altar of Ashenzari.
  8055 | D:8      | Found a shadowy altar of Dithmenos.
  8516 | D:9      | Noticed a troll
  8526 | D:9      | Killed a troll
  8527 | D:9      | Reached XP level 10. HP: 46/60 MP: 8/22
  8679 | D:9      | HP: 2/63 [raiju (9)]
  8680 | D:9      | Killed from afar by a raiju

Illustrated notes

Levels and vault maps discovered:
D:1:      dpeg_arrival_ternary, layout_basic, minmay_cupped
D:2:      layout_loops_cross, basic_altar, kennysheep_generic_room_14,
          uniq_robin, uniq_terence, uniq_sigmund
D:3:      layout_loops_corners
D:4:      layout_basic, minmay_temple_entry_mini_moons,
          nicolae_figureground_sparkle
D:5:      layout_basic, lemuel_coloured_pillars_altar,
          nicolae_elyvilon_peaceful_grove, minmay_liquid_box, uniq_menkaure,
          uniq_ijyb, uniq_prince_ribbit1
D:6:      layout_basic
D:7:      layout_loops_ring, nicolae_overflow_crystal_walls,
          gammafunk_temple_overflow_pools
D:8:      layout_loops_ring, kennysheep_orc_sif_temple,
          chequers_temple_overflow_minitemple, kb_lookout_dungeons_type
D:9:      layout_roguey, serial_shops, shop, nicolae_have_a_lightning_rod
Temple:   nicolae_temple_ecumenical_triangle

Skill      XL: |  1  2  3  4  5  6  7  8  9 10 |
---------------+-------------------------------+-----
Summonings     | 5 6 7 8 9 11 13 | 13.8
Spellcasting   | 3 4 5 6 8 |  8.5
Fighting       | 2 3 |  3.5
Dodging        | 3 |  3.2
Stealth        | |  1.7

Action                     |  1- 3 |  4- 6 |  7- 9 | 10-12 || total
---------------------------+-------+-------+-------+-------++-------
  Melee: Unarmed           |    32 |       |       |       ||    32
         Punch             |     1 |     3 |     1 |       ||     5
         Hand axe          |    47 |       |       |       ||    47
         Short sword       |     9 |   123 |   189 |       ||   321
   Cast: Summon Small Mamm |    26 |     8 |     5 |     2 ||    41
         Call Canine Famil |     3 |     5 |    27 |     2 ||    37
         Call Imp          |     3 |     4 |    22 |     2 ||    31
         Summon Lightning  |       |       |    11 |     2 ||    13
 Invoke: Ancestor Life: Kn |       |       |     1 |       ||     1
Ability: Hop               |       |       |     1 |     1 ||     2
    Use: Potion            |       |       |     1 |     1 ||     2
   Stab: Sleeping          |     2 |     8 |     5 |       ||    15
         Distracted        |       |     1 |     2 |       ||     3
 Armour: Robe              |    81 |    71 |     5 |       ||   157
         Skin              |       |     4 |       |       ||     4
         Leather armour    |       |       |   162 |    10 ||   172
  Dodge: Dodged            |   113 |   113 |   117 |     1 ||   344
  Block: Other             |       |       |    32 |       ||    32
         Reflection        |       |       |     1 |       ||     1
